 Dungeon Crawl Stone Soup version 0.31-a0-963-ga325b2283a (webtiles) character file.

Game seed: 16170515949698034894

407 javelincjr the Sneak (level 6, 0/36 HPs)
             Began as an Octopode Summoner on Oct 23, 2023.
             Slain by an ufetubus (3 damage)
             ... on level 5 of the Dungeon on Oct 25, 2023.
             The game lasted 00:19:22 (4191 turns).

javelincjr the Sneak (Octopode Summoner)            Turns: 4191, Time: 00:19:23

Health: 0/36       AC:  1    Str:  7    XL:     6   Next: 88%
Magic:  7/12       EV: 14    Int: 19    God:
Gold:   177        SH:  0    Dex: 13    Spells: 7/13 levels left

rFire   . . .        y - +0 dagger (drain)
rCold   . . .        (no shield)
rNeg    . . .        (helmet restricted)
rPois   +            (no amulet)
rElec   .            e - ring of poison resistance
rCorr   .            o - ring of willpower
SInv    .            (no ring)
Will    +....        (no ring)
Stlth   ++++         (no ring)
HPRegen 0.26/turn    (no ring)
MPRegen 0.13/turn    (no ring)
                     (no ring)

%: no passive effects
@: no status effects
A: almost no armour, amphibious, 8 rings, camouflage 1, gelatinous body 1,
(nimble swimmer 1), tentacles
a: no special abilities


You were on level 5 of the Dungeon.
You visited 1 branch of the dungeon, and saw 5 of its levels.

You collected 177 gold pieces.

Inventory:

Hand Weapons
 i - the +5 rapier "Raz Onos" {freeze, Will+ Str+3}
   (You found it on level 2 of the Dungeon)

   Str+3:     It affects your strength (+3).
   Will+:     It increases your willpower.
 y - a +0 dagger of draining (weapon)
Missiles
 c - 13 poisoned darts
 n - 3 javelins
Jewellery
 e - a ring of poison resistance (left tentacle)
 o - a ring of willpower (right tentacle)
Wands
 x - a wand of flame (4)
Scrolls
 b - a scroll of noise {unknown}
 f - 2 scrolls of enchant weapon {unknown}
 k - a scroll of revelation {unknown}
 l - a scroll of fog {unknown}
 m - a scroll of teleportation {unknown}
 p - 2 scrolls of enchant armour {unknown}
 r - a scroll of butterflies {unknown}
 s - a scroll of immolation {unknown}
 t - a scroll of poison {unknown}
 v - 2 scrolls of identify {unknown}
 B - a scroll of vulnerability {unknown}
Potions
 a - a potion of magic
 d - a potion of enlightenment {unknown}
 g - a potion of cancellation {unknown}
 h - a potion of haste {unknown}
 j - 2 potions of curing {unknown}
 q - a potion of resistance {unknown}
 u - a potion of attraction {unknown}
 w - a potion of might {unknown}
 z - a potion of heal wounds {unknown}
 A - a potion of lignification {unknown}


   Skills:
 + Level 3.5 Dodging
 + Level 5.1 Stealth
 * Level 4.3 Spellcasting
 + Level 5.0 Summonings


You had 7 spell levels left.
You knew the following spells:

 Your Spells              Type           Power      Damage    Failure   Level
a - Summon Small Mammal   Summ           92%        N/A       1%          1
b - Call Imp              Summ           46%        N/A       2%          2
c - Call Canine Familiar  Summ           23%        N/A       4%          3

Your spell library contained the following spells:

 Spells                   Type           Power      Damage    Failure   Level
 Necrotise                Necr           16%        1d4       13%         1
 Summon Guardian Golem    Hex/Summ       13%        N/A       14%         3
 Tukima's Dance           Hex            4%         N/A       36%         3
 Vampiric Draining        Necr           4%         2d6       36%         3
 Summon Lightning Spire   Summ/Air       13%        N/A       43%         4
 Dimensional Bullseye     Hex/Tloc       2%         N/A       78%         4
 Iskenderun's Mystic Bla  Conj/Tloc      4%         2d3       78%         4
 Agony                    Necr           4%         N/A       98%         5


Dungeon Overview and Level Annotations

Branches:
Dungeon (5/15)
 Temple: D:4-7

Altars:


Innate Abilities, Weirdness & Mutations

You cannot wear most types of armour.
You are amphibious.
You can wear up to eight rings at the same time.
Your skin changes colour to match your surroundings (Stealth+).
Your rubbery body absorbs attacks. (AC +1, EV +1)
((You are camouflaged when in or above water. (Stealth+)))
You have tentacles for arms and can constrict up to eight enemies at once.


Message History

The ufetubus hits you. x2; The ufetubus closely misses you.
The ufetubus barely misses you. The ufetubus misses you.
An orc comes into view. It is wielding a +0 mace.
Casting: Call Imp (safe; 2% risk of failure)
Confirm with . or Enter, or press ? or * to list all spells.
The orc shouts!
You constrict the ufetubus. The ufetubus barely misses you.
The ufetubus closely misses you. The ufetubus misses you. x2
The ufetubus barely misses you. x2; The ufetubus misses you.
The ufetubus hits you.
Your cerulean imp closely misses the ufetubus.
A water moccasin comes into view.
You barely miss the ufetubus.
The ufetubus is heavily wounded.
You constrict the ufetubus. The ufetubus hits you.
* * * LOW HITPOINT WARNING * * *
The ufetubus closely misses you. The ufetubus barely misses you.
The ufetubus closely misses you. The ufetubus barely misses you.
The ufetubus closely misses you. The ufetubus misses you.
The ufetubus closely misses you.
Your hound bites the ufetubus.
The ufetubus dies!
The ufetubus closely misses you. The ufetubus misses you.
The ufetubus completely misses you. The ufetubus barely misses you.
Your cerulean imp hits the ufetubus with a -2 spear.
The ufetubus misses you.
The ufetubus hits you but does no damage.
The ufetubus closely misses you. The ufetubus barely misses you.
Your cerulean imp hits the ufetubus but does no damage.
Your hound barely misses the ufetubus.
Your cerulean imp misses the ufetubus.
The ufetubus attacks as it pursues you! The ufetubus barely misses you.
The ufetubus hits you.
* * * LOW HITPOINT WARNING * * *
Your hound completely misses the ufetubus.
The ufetubus slips past you! The ufetubus closely misses you.
The ufetubus hits you.
* * * LOW HITPOINT WARNING * * *
You barely miss the ufetubus. You grab the ufetubus.
You constrict the ufetubus. Something barely misses your hound. x2
The ufetubus hits you.
You die...

#...# ... # r.. #.##.#
### #.5c5# ... #l###.#
#5....# ###h### #@..##
##5#.#.#### #.##......#
##.#.#.##.# #...###.#
############# ##.## #[#
............#####.# #.#
####....>.).......# #.#
....#.#####)##########.#


You could see an ufetubus (ally target) and a friendly hound (summoned).

Vanquished Creatures
  Jessica (D:2)
  3 gnolls
  A shadow imp (D:4)
  A dart slug (D:3)
  6 orcs
  2 bats (D:1)
  5 endoplasms
  2 giant cockroaches (D:3)
  2 goblins
  5 hobgoblins
  2 jackals (D:4)
  8 kobolds
  A quokka (D:3)
  A ball python (D:4)
40 creatures vanquished.

Vanquished Creatures (collateral kills)
  A kobold brigand (D:4)
  A scorpion (D:5)
  A jelly (D:5)
  A gnoll bouda (D:5)
  5 gnolls
  An ufetubus (D:5)
  A dart slug (D:1)
  5 orcs
  2 bats
  4 endoplasms (D:1)
  2 giant cockroaches
  4 goblins
  4 hobgoblins
  3 quokkas
  4 ball pythons
  3 frilled lizards (D:1)
  8 kobolds
  2 rats (D:1)
52 creatures vanquished.

Grand Total: 92 creatures vanquished

Notes
Turn   | Place    | Note
-------+----------+-------------------------------------------
     0 | D:1      | javelincjr the Octopode Summoner began the quest for the
                  | Orb.
     0 | D:1      | Reached XP level 1. HP: 11/11 MP: 3/3
   158 | D:1      | Reached XP level 2. HP: 17/17 MP: 3/5
   653 | D:1      | Reached XP level 3. HP: 21/21 MP: 3/6
   656 | D:1      | Learned a level 2 spell: Call Imp
  1237 | D:2      | Identified the +5 rapier "Raz Onos" {freeze, Will+ Str+3}
  1525 | D:2      | Noticed Jessica
  1531 | D:2      | Killed Jessica
  1532 | D:2      | Reached XP level 4. HP: 23/27 MP: 4/8
  2419 | D:3      | Reached XP level 5. HP: 31/31 MP: 5/9
  2426 | D:3      | Learned a level 3 spell: Call Canine Familiar
  3283 | D:4      | Noticed a kobold brigand
  3305 | D:4      | Killed a kobold brigand
  3454 | D:4      | Reached XP level 6. HP: 36/36 MP: 11/11
  3819 | D:5      | Entered Level 5 of the Dungeon
  3831 | D:5      | Upgraded the game from 0.31-a0-960-g0fca184906 to
                  | 0.31-a0-963-ga325b2283a
  4018 | D:5      | Reached skill level 5 in Stealth
  4030 | D:5      | Reached skill level 5 in Summonings
  4187 | D:5      | Noticed a water moccasin
  4191 | D:5      | Slain by an ufetubus

Illustrated notes

Levels and vault maps discovered:
D:1:      scummos_arrival_checkerplants, layout_basic, st_stairs_2
D:2:      layout_rooms, hangedman_decor_slide_cut, kennysheep_minor_cross,
          uniq_jessica
D:3:      layout_loops_ring, serial_glass, glass_columns_a, glass_columns_a
D:4:      cheibrodos_thug_alley, layout_gridville, kennysheep_decorative_pillar,
          hex_tiny
D:5:      layout_loops_ring, zin_scriptorium, minmay_temple_entry_antechambers,
          serial_shops, nicolae_shop_getting_attention, minmay_statues_item,
          st_stairs_10, uniq_ijyb

Skill      XL: |  1  2  3  4  5  6 |
---------------+-------------------+-----
Stealth        | 3 4 5 |  5.1
Spellcasting   | 3 4 |  4.3
Dodging        | 3 |  3.5
Summonings     | 5 |  5.0

Action                     |  1- 3 |  4- 6 || total
---------------------------+-------+-------++-------
  Melee: Unarmed           |    29 |       ||    29
         Constrict         |     9 |    20 ||    29
         Tentacles         |     9 |    12 ||    21
         Rapier            |     3 |    39 ||    42
         Punch             |     1 |       ||     1
         Dagger            |       |    21 ||    21
  Throw: Dart              |       |     1 ||     1
   Cast: Summon Small Mamm |    34 |    13 ||    47
         Call Imp          |    10 |    28 ||    38
         Call Canine Famil |       |    18 ||    18
   Stab: Sleeping          |       |     6 ||     6
         Distracted        |       |     1 ||     1
 Armour: Skin              |    20 |    34 ||    54
  Dodge: Dodged            |    24 |    78 ||   102

Table legend: (Time is in decaauts)
 A = Elapsed time spent in this place.
 B = Non-inter-level travel time spent in this place.
 C = Inter-level travel time spent in this place.
 D = Time resting spent in this place.
 E = Time spent auto-exploring this place.
 F = Levels seen in this place.
 G = Mean time per level.
                   A        B        C        D        E       F      G
               +--------+--------+--------+--------+--------+-----+--------+
         Total |   4196 |   4118 |     78 |    145 |   3172 |   5 |  839.2 |
       Dungeon |   4196 |   4118 |     78 |    145 |   3172 |   5 |  839.2 |
               +--------+--------+--------+--------+--------+-----+--------+

Top non-repeatable levels by time:
     D:4: 1265 daAuts
     D:1: 1124 daAuts
     D:3: 746 daAuts
     D:2: 688 daAuts
     D:5: 371 daAuts
